 Dungeon Crawl Stone Soup version 0.27.1-33-g824d729ab1 (webtiles) character file.

Game seed: 14304107479169275019

954 hilljack the Geomancer (level 8, -3/43 HPs)
             Began as a Gargoyle Earth Elementalist on Nov 25, 2021.
             Was an Initiate of Vehumet.
             Splashed by a jelly's acid (6 damage)
             ... on level 5 of the Dungeon.
             The game lasted 00:14:18 (6616 turns).

hilljack the Geomancer (GrEE)                       Turns: 6616, Time: 00:14:19

Health: -3/43      AC: -3    Str: 12    XL:     8   Next: 14%
Magic:  14/15      EV: 11    Int: 18    God:    Vehumet [......]
Gold:   244        SH:  0    Dex: 10    Spells: 6/16 levels left

rFire    + . .     SeeInvis .   d - +1 short sword
rCold    . . .     Faith    .   (no shield)
rNeg     + . .     Spirit   .   j - +1 robe {Will+}
rPois    ∞         Reflect  .   (no helmet)
rElec    +         Harm     .   (no cloak)
rCorr    .         Rampage  .   (no gloves)
Will     +....                  (no boots)
Stlth    ++........             (no amulet)
HPRegen  0.14/turn              o - ring of protection from fire
MPRegen  0.14/turn              (no ring)

@: corroded
A: sickness immunity, AC +5, negative energy resistance 1, electricity
resistance, torment resistance 1, petrification resistance
a: Renounce Religion


You were on level 5 of the Dungeon.
You worshipped Vehumet.
Vehumet was noncommittal.
You visited 1 branch of the dungeon, and saw 5 of its levels.
You also visited: Ossuary.

You collected 244 gold pieces.

Inventory:

Hand Weapons
 d - a +1 short sword (weapon)
Missiles
 b - 4 javelins
 c - 90 stones
Armour
 a - a +1 leather armour
 j - a +1 robe of willpower (worn)
Jewellery
 o - a ring of protection from fire (left hand)
Wands
 m - a wand of digging (3)
Scrolls
 e - 3 scrolls of fog
 i - a scroll of blinking
 k - a scroll of amnesia
 n - a scroll of identify
Potions
 f - 2 potions of brilliance
 g - a potion of lignification
 h - a potion of might
 l - 4 potions of heal wounds


   Skills:
 - Level 1.4 Fighting
 - Level 4.3 Armour
 - Level 1.5 Dodging
 - Level 2.1 Stealth
 + Level 4.9 Spellcasting
 - Level 0.7 Transmutations
 + Level 8.1 Earth Magic


You had 6 spell levels left.
You knew the following spells:

 Your Spells              Type           Power      Damage    Failure   Level
a - Sandblast             Erth           66%        2d15      1%          1
b - Passwall              Tmut/Erth      16%        N/A       3%          2
c - Stone Arrow           Conj/Erth      38%        3d9       8%          3
d - Petrify               Tmut/Erth      20%        N/A       22%         4

Your spell library contained the following spells:

 Spells                   Type           Power      Damage    Failure   Level
 Animate Skeleton         Necr           8%         N/A       14%         1
 Pain                     Necr           16%        1d4       14%         1
 Vampiric Draining        Necr           2%         2d6       38%         3


Dungeon Overview and Level Annotations

Branches:
Dungeon (5/15)            Ossuary (visited)
 Temple: D:4-7

Altars:
Cheibriados
Fedhas
Vehumet


Innate Abilities, Weirdness & Mutations

You are immune to sickness and miasma.
Your stone body is resilient. (AC +5)
You are immune to poison.
You resist negative energy. (rN+)
You are resistant to electric shocks. (rElec)
You are resistant to unholy torment.
You are immune to petrification.


Message History

You hit the orc.
The orc is severely wounded.
The orc hits you but does no damage.
You barely miss the orc.
The orc is severely wounded.
The orc misses you.
You hit the orc but do no damage.
The orc is severely wounded.
The orc hits you but does no damage.
You completely miss the orc.
The orc is severely wounded.
The orc hits you but does no damage. The jelly hits you. The acid corrodes you!
You are splashed with acid!
You closely miss the orc.
The orc is severely wounded.
The orc barely misses you. The jelly hits you but does no damage.
The orc barely misses you. The jelly completely misses you.
You hit the orc.
The orc is almost dead.
The orc hits you with a +0 dagger. The jelly hits you. The acid corrodes you!
You are splashed with acid!
You closely miss the orc.
The orc is almost dead.
The orc closely misses you. The jelly completely misses you.
You hit the orc but do no damage.
The orc is almost dead.
The orc hits you with a +0 dagger. The jelly hits you.
You are splashed with acid!
* * * LOW HITPOINT WARNING * * *
You are too injured to fight recklessly!
You are too injured to fight recklessly!
Aiming: Sandblast (safe; 1% risk of failure)
Press: ? - help, Q - select action, (/) - cycle Shift-Dir - straight line, f - jelly
Aim: a jelly (100% to hit)
The blast of sand hits the jelly.
The jelly is moderately wounded.
The orc barely misses you. The jelly hits you.
* * * LOW HITPOINT WARNING * * *
The acid corrodes you!
You are splashed with acid.
You die...

#########
#...>....
####.######...
#......J...#
#.##.#@##.##
#.##.#o#
#.##.#.#
#.##.#..
#.##.#.#
#.##.#.#
#.##.#.##.
#....#....
#..###....


You could see a jelly and an orc.

Vanquished Creatures
  A necrophage (D:4)
  An ogre (D:4)
  3 elf zombies
  A scorpion (D:4)
  2 centaur zombies (Ossuary)
  3 human zombies
  A jelly (D:4)
  A hound (D:4)
  A centaur skeleton (D:3)
  A human skeleton (D:4)
  An orc wizard (D:3)
  2 mummies (Ossuary)
  6 gnolls
  3 adders
  An adder skeleton (D:4)
  2 worms
  5 dart slugs
  6 orcs
  8 endoplasms
  5 giant cockroaches
  4 goblins
  9 hobgoblins
  6 quokkas
  7 ball pythons
  3 bats
  4 frilled lizards
  A goblin zombie (Ossuary)
  11 hobgoblin zombies (Ossuary)
  A jackal zombie (Ossuary)
  7 kobolds
  12 kobold zombies (Ossuary)
  An orc skeleton (D:4)
  7 orc zombies
  10 rats
  A rat zombie (Ossuary)
138 creatures vanquished.

Vanquished Creatures (others)
  A dart slug (D:2)
  A rat (D:2)
2 creatures vanquished.

Grand Total: 140 creatures vanquished

Notes
Turn   | Place    | Note
-------+----------+-------------------------------------------
     0 | D:1      | hilljack the Gargoyle Earth Elementalist began the quest
                  | for the Orb.
     0 | D:1      | Reached XP level 1. HP: 10/10 MP: 3/3
   229 | D:1      | Reached skill level 1 in Fighting
   534 | D:1      | Reached XP level 2. HP: 16/16 MP: 5/5
   620 | D:1      | Reached skill level 4 in Earth Magic
  1439 | D:1      | Found a faded altar of an unknown god.
  1555 | D:1      | Reached XP level 3. HP: 18/20 MP: 6/6
  1850 | D:2      | Found a snail-covered altar of Cheibriados.
  1863 | D:2      | Reached skill level 5 in Earth Magic
  2054 | D:2      | Reached XP level 4. HP: 10/25 MP: 3/7
  2279 | D:2      | Learned a level 2 spell: Passwall
  2283 | D:2      | Learned a level 3 spell: Stone Arrow
  2580 | D:3      | Reached skill level 1 in Armour
  2792 | D:2      | Reached XP level 5. HP: 10/29 MP: 6/8
  4107 | D:4      | Found a sand-covered staircase.
  4116 | D:4      | Reached XP level 6. HP: 32/34 MP: 0/9
  4199 | D:4      | Reached skill level 6 in Earth Magic
  4342 | Ossuary  | Entered an ossuary
  4680 | Ossuary  | Reached XP level 7. HP: 24/38 MP: 11/11
  4917 | Ossuary  | Reached skill level 7 in Earth Magic
  5392 | D:4      | Learned a level 4 spell: Petrify
  5826 | D:4      | Found a blossoming altar of Fedhas.
  6094 | D:4      | Reached XP level 8. HP: 35/43 MP: 10/14
  6200 | D:4      | Found a radiant altar of Vehumet.
  6205 | D:4      | Reached skill level 8 in Earth Magic
  6209 | D:4      | Became a worshipper of Vehumet
  6465 | D:5      | Entered Level 5 of the Dungeon
  6616 | D:5      | Splashed by a jelly's acid

Illustrated notes

Levels and vault maps discovered:
D:1:      elethiomel_arrival_infinity_welcomes_careful_drivers,
          layout_loops_ring, shapermc_ecumenical_altar_acropolis, st_stairs_6
D:2:      layout_basic, basic_altar, lemuel_old_faithful
D:3:      layout_basic, corexii_shack
D:4:      layout_basic, vehumet_crystals, fedhas_altar_2,
          nicolae_ossuary_entry_catacombs
D:5:      minmay_angry_zag, layout_loops_ring

Skill      XL: |  1  2  3  4  5  6  7  8 |
---------------+-------------------------+-----
Fighting       | 1 |  1.4
Earth Magic    | 4 5 6 7 8 |  8.1
Armour         | 2 4 |  4.3
Spellcasting   | 3 4 |  4.9
Dodging        | |  1.5
Stealth        | |  2.1
Transmutations | |  0.7

Action                   |  1- 3 |  4- 6 |  7- 9 || total
-------------------------+-------+-------+-------++-------
Melee: Unarmed           |    17 |       |     1 ||    18
       Short sword       |   106 |   240 |   115 ||   461
Throw: Javelin           |       |     5 |       ||     5
       Stone             |       |     5 |       ||     5
 Cast: Sandblast         |    17 |    51 |    36 ||   104
       Passwall          |       |     1 |       ||     1
  Use: Scroll            |     4 |     2 |     2 ||     8
       Potion            |       |       |     3 ||     3
 Stab: Sleeping          |     5 |     1 |     1 ||     7
Armor: Leather armour    |    52 |    68 |       ||   120
       Robe              |     7 |    69 |    40 ||   116
       Skin              |       |       |     2 ||     2
Dodge: Dodged            |   101 |   163 |    73 ||   337
